 Dungeon Crawl Stone Soup version 0.16.0-18-g484a79e (webtiles) character file.

27376 inmateoo the Slicer (level 13, -1/102 HPs)
             Began as a Vine Stalker Abyssal Knight on Mar 22, 2015.
             Was the Champion of Lugonu.
             Slain by a ten-headed hydra (4 damage)
             ... on level 6 of the Lair of Beasts.
             The game lasted 00:31:26 (12862 turns).

inmateoo the Slicer (Vine Stalker Abyssal Knight)  Turns: 12862, Time: 00:31:26

Health: -1/102     AC: 26    Str: 16    XL:     13   Next: 32%
Magic:  0/24       EV:  2    Int: 12    God:    Lugonu [******]
Gold:   773        SH:  8    Dex: 16    Spells: 0 memorised, 23 levels left

rFire  . . .     SeeInvis .     U - +9 double sword "Faorool" {freeze, rC+++ MR- Dex-4}
rCold  + + +     Clarity  .     b - melded +1 leather armour
rNeg   + + +     SustAb   .     B - +2 buckler
rPois  +         Gourm    .     l - melded +1 helmet
rElec  .         Spirit   +     C - melded +0 cloak
rCorr  .         Warding  .     G - melded -1 pair of gloves
rMut   .         NoTele   +     y - melded +0 pair of boots
MR     .....                    J - amulet of regeneration
Stlth  +++++++...               M - +2 ring of dexterity
                                o - ring of poison resistance

@: tree-form, very slightly contaminated, invisible, not resistant to hostile
enchantments, extremely stealthy
A: (fangs 0), (slimy green scales 0), low mp 1, regeneration 3, spit poison 1,
wild magic 1, magic shield, (antimagic bite), no device heal 3, rot immunity
a: Spit Poison, Depart the Abyss, Bend Space, Banish, Corrupt, Enter the Abyss,
Renounce Religion


You were on level 6 of the Lair of Beasts.
You worshipped Lugonu.
Lugonu was exalted by your worship.
You were hungry.
You were a tree.
You visited 2 branches of the dungeon, and saw 17 of its levels.
You visited the Abyss 1 time.

You collected 797 gold pieces.
You spent 24 gold pieces at shops.

Inventory:

Hand weapons
 h - a +2 dagger of electrocution
 z - a +0 rapier
 U - the +9 double sword "Faorool" (weapon) {freeze, rC+++ MR- Dex-4}
   (You acquired it on level 5 of the Lair of Beasts)

   It has been specially enchanted to freeze those struck by it, causing extra
   injury to most foes and up to half again as much damage against particularly
   susceptible opponents.
   It can also slow down cold-blooded creatures.
   It affects your dexterity (-4).
   It renders you almost immune to cold.
   It affects your resistance to hostile enchantments.
Armour
 b - a +1 leather armour (melded)
 l - a +1 helmet (melded)
 y - a +0 pair of boots (melded)
 B - a +2 buckler (worn)
 C - a +0 cloak (melded)
 G - a -1 pair of gloves (melded)
Jewellery
 o - a ring of poison resistance (left branch)
 p - an uncursed amulet of clarity
 J - an amulet of regeneration (around neck)
 K - an uncursed ring of sustain abilities
 M - a +2 ring of dexterity (right branch)
Magical devices
 s - a wand of paralysis (7)
 H - a wand of paralysis (15)
 R - a wand of lightning (4)
Scrolls
 i - 2 scrolls of enchant armour
 k - 3 scrolls of fog
 r - 2 scrolls of teleportation
 t - 2 scrolls of recharging
 v - 2 scrolls of amnesia
 w - 7 scrolls of remove curse
 E - 3 scrolls of blinking
 I - a scroll of enchant weapon
 L - 2 scrolls of fear
 P - 2 scrolls of magic mapping
 Q - 2 scrolls of identify
Potions
 a - 5 potions of might
 d - a potion of ambrosia
 e - 7 potions of curing
 f - a potion of flight
 u - 3 potions of cure mutation
 A - 3 potions of haste
 D - a potion of brilliance
Books
 F - a book of Control

   Spells                             Type                      Level
   a - Control Teleport               Charms/Translocation         4
   b - Control Undead                 Necromancy                   4
   c - Enslavement                    Hexes                        4
   d - Metabolic Englaciation         Hexes/Ice                    5
   e - Mass Confusion                 Hexes                        6
 N - a book of Hinderance

   Spells                             Type                      Level
   a - Confusing Touch                Hexes                        2
   b - Confuse                        Hexes                        3
   c - Petrify                        Transmutation/Earth          4
   d - Metabolic Englaciation         Hexes/Ice                    5
   e - Gell's Gravitas                Hexes/Translocation          5
   f - Summon Mana Viper              Hexes/Summoning              5
 S - a book of Changes

   Spells                             Type                      Level
   a - Beastly Appendage              Transmutation                1
   b - Sticks to Snakes               Transmutation                2
   c - Spider Form                    Transmutation/Poison         3
   d - Ice Form                       Ice/Transmutation            4
   e - Blade Hands                    Transmutation                5
Comestibles
 c - 12 bread rations
 g - 26 fruits
 n - a royal jelly
 q - 8 meat rations
 x - a beef jerky
 O - 6 slices of pizza
 T - 2 poisonous chunks of flesh


   Skills:
 + Level 7.8 Fighting
 - Level 10.0 Short Blades
 * Level 0.5(6.3) Long Blades
 + Level 6.5 Armour
 + Level 6.1 Dodging
 + Level 9.5 Stealth
 + Level 6.8 Shields
 + Level 5.8 Spellcasting
 + Level 4.1 Invocations
 + Level 7.5 Evocations


You had 23 spell levels left.
You didn't know any spells.

Dungeon Overview and Level Annotations

Branches:
Dungeon (11/15)            Temple (0/1) D:7            Lair (6/8) D:9
  Swamp (0/5) Lair:5        Snake (0/5) Lair:3
  Slime: Lair:6-8       Orc: D:9-12

Altars:
Ashenzari
Cheibriados
Fedhas
Gozag
Kikubaaqudgha
Nemelex Xobeh
Okawaru
Ru
Sif Muna
Trog
Xom
The Shining One

Shops:
D:4 }   D:6 ((*((

Portals:
Trove: D:11 (give 14 scrolls of teleportation)

Annotations:
D:3 exclusion: door
D:11 Erica, Nergalle


Innate Abilities, Weirdness & Mutations

((You have razor-sharp teeth.))
You regenerate.
When hurt, damage is shared between your health and your magic reserves.
((Your bite disrupts and absorbs the magic of your enemies.))
Potions and wands cannot restore your health.
You are immune to rotting.
((You are partially covered in slimy green scales (AC +2).))
Your magical capacity is low (-10% MP).
You can spit poison.
Your spells are a little harder to cast, but a little more powerful.


Message History

The nine-headed hydra barely misses you.
The nine-headed hydra bites you but does no damage. x3
You block the nine-headed hydra's attack. x2
The nine-headed hydra completely misses you.
The nine-headed hydra bites you but does no damage.
The nine-headed hydra barely misses you.
The death yak barely misses you.
You hack one of the nine-headed hydra's heads off!
The eight-headed hydra grows two more!
You slice the ten-headed hydra!! You freeze the ten-headed hydra!
The ten-headed hydra seems to slow down.
You bite the ten-headed hydra, but do no damage.
The ten-headed hydra is severely wounded.
The death yak gores you.
* * * LOW HITPOINT WARNING * * *
You block the ten-headed hydra's attack.
The ten-headed hydra bites you.
* * * LOW HITPOINT WARNING * * *
The ten-headed hydra bites you.
You die...

.. .............P.# .#
..............## .#
.............## ... #
###....P....## #..# ######.#...#
#..# ## ##...## ...# ## #.##
#.....# ##..## ##
.###.##.####.P...# #....#P.##
....#.P.#.##.#..♣#####...#....#
...............Y#D#..#P.........
.................H....$H........
#....#...................#.#..>.
#..####...P.#P......###...#
#..#......#.####....# ...##
#P..#......## ##+#+# ....#
#....#.....# ##....#
#...##....## ......


You could see a death yak, a ten-headed hydra and a griffon.

Vanquished Creatures
  Rupert (Lair:3)
  Maud (Lair:4)
  A vault guard (D:11)
  2 hydras
  2 hill giants (D:11)
  A cyclops (D:11)
  A griffon (Lair:5)
  Joseph (D:8)
  2 molten gargoyles (Lair:5)
  6 spiny frogs
  3 komodo dragons
  3 fire drakes
  2 polar bears (Lair:3)
  7 blink frogs
  2 basilisks
  39 yaks
  A wyvern (D:10)
  4 vampire mosquitoes (Lair:5)
  Eustachio (D:7)
  3 nagas (Lair:3)
  2 hippogriffs
  6 wolves (Lair:3)
  6 water moccasins
  2 sky beasts
  5 porcupines
  3 orc warriors
  2 black bears
  6 ogres
  An ice beast (D:9)
  A phantom (D:6)
  4 centaurs
  4 crocodiles
  4 big kobolds (D:9)
  10 giant frogs
  A gnoll sergeant (D:11)
  5 scorpions
  9 killer bees
  5 wights (D:9)
  2 electric eels
  A giant frog zombie (D:9)
  A crimson imp (D:6)
  A goliath beetle (D:7)
  5 lava snakes (Lair:5)
  6 hounds
  3 jellies
  3 orc priests
  2 centaur zombies
  8 worker ants
  An orc wizard (D:9)
  A giant frog skeleton (D:4)
  3 iguanas
  12 sheep
  A hound zombie (D:11)
  3 worker ant zombies
  13 adders
  11 gnolls
  17 river rats
  2 giant mites
  A shadow imp (D:10)
  3 worms
  3 adder zombies
  6 giant geckos
  3 oozes
  18 orcs
  9 bats
  A giant cockroach (D:3)
  8 goblins
  12 hobgoblins
  13 quokkas
  2 ball pythons
  A ball python zombie (D:4)
  A giant gecko skeleton (D:7)
  A giant gecko zombie (D:4)
  A giant newt (D:6)
  25 kobolds
  A quokka skeleton (D:4)
  A quokka zombie (D:4)
  11 rats
376 creatures vanquished.

Vanquished Creatures (others)
  A sky beast (D:9)
  2 fungi
3 creatures vanquished.

Grand Total: 379 creatures vanquished

Notes
Turn   | Place    | Note
--------------------------------------------------------------
     0 | Abyss:1  | inmateoo, the Vine Stalker Abyssal Knight, began the quest for the Orb.
     0 | Abyss:1  | Reached XP level 1. HP: 11/11 MP: 1/1
    46 | Abyss:1  | Noticed a worldbinder
    48 | Abyss:1  | Noticed a spider
    48 | Abyss:1  | Noticed an orb spider
    48 | Abyss:1  | Noticed a spider
    48 | D:1      | Escaped the Abyss
    77 | D:1      | Reached skill level 1 in Dodging
    97 | D:1      | Reached XP level 2. HP: 7/16 MP: 0/3
   145 | D:1      | Acquired Lugonu's first power
   206 | D:1      | Reached skill level 1 in Stealth
   463 | D:1      | Reached XP level 3. HP: 17/19 MP: 4/4
  1035 | D:2      | Reached skill level 3 in Fighting
  1035 | D:2      | Reached XP level 4. HP: 22/24 MP: 6/6
  1496 | D:3      | Acquired Lugonu's second power
  1593 | D:3      | Reached XP level 5. HP: 28/28 MP: 8/8
  1865 | D:3      | Found a snail-covered altar of Cheibriados.
  1913 | D:3      | Found a sacrificial altar of Ru.
  1942 | D:3      | Found a deep blue altar of Sif Muna.
  2234 | D:4      | Found Loetev's Gadget Emporium.
  2340 | D:4      | Gained mutation: You heal very quickly. [vine stalker growth]
  2340 | D:4      | Reached XP level 6. HP: 32/32 MP: 9/9
  2382 | D:4      | Reached skill level 1 in Evocations
  2810 | D:4      | Found a glowing golden altar of the Shining One.
  2811 | D:4      | Found a bloodstained altar of Trog.
  2894 | D:5      | Entered Level 5 of the Dungeon
  2950 | D:5      | Found a shimmering altar of Xom.
  3159 | D:5      | Reached XP level 7. HP: 37/37 MP: 10/10
  3240 | D:5      | Reached skill level 4 in Short Blades
  3240 | D:5      | Reached skill level 1 in Shields
  3252 | D:5      | Found a sparkling altar of Nemelex Xobeh.
  3365 | D:5      | Found an opulent altar of Gozag.
  3482 | D:6      | Noticed a yak
  3490 | D:6      | Noticed a yak
  3491 | D:6      | Noticed a yak
  3491 | D:6      | Noticed a yak
  3491 | D:6      | Noticed a yak
  3491 | D:6      | Noticed a yak
  3507 | D:6      | Killed a yak
  3514 | D:6      | Killed a yak
  3514 | D:6      | Gained mutation: You have razor-sharp teeth. [vine stalker growth]
  3514 | D:6      | Reached XP level 8. HP: 26/42 MP: 13/13
  3525 | D:6      | Killed a yak
  3526 | D:6      | Killed a yak
  3526 | D:6      | Reached skill level 5 in Short Blades
  3567 | D:6      | Killed a yak
  3625 | D:6      | Noticed a white ugly thing
  3818 | D:6      | Acquired Lugonu's third power
  3850 | D:6      | Found Popao's Antique Weapon Boutique.
  3851 | D:6      | Found Erchaohal's General Store.
  3854 | D:6      | Bought a scroll of identify for 24 gold pieces
  3868 | D:6      | Found Ynibry's Antique Weapon Shop.
  3885 | D:6      | Found Cliududgh's Weapon Shoppe.
  3917 | D:6      | Found Soebreg's Weapon Shop.
  3994 | D:6      | Found an ancient bone altar of Kikubaaqudgha.
  4052 | D:6      | Found a blossoming altar of Fedhas.
  4205 | D:6      | Reached XP level 9. HP: 32/46 MP: 12/16
  4250 | D:6      | Found an iron altar of Okawaru.
  4518 | D:7      | Reached skill level 5 in Stealth
  4564 | D:7      | Reached skill level 6 in Short Blades
  4570 | D:7      | Reached skill level 5 in Fighting
  4574 | D:7      | Acquired Lugonu's fourth power
  4634 | D:7      | Noticed Eustachio
  4651 | D:7      | Killed Eustachio
  4713 | D:7      | Found a shattered altar of Ashenzari.
  4955 | D:7      | Gained mutation: You can spit poison. [mutagenic meat]
  4956 | D:7      | Gained mutation: You are partially covered in slimy green scales (AC +2). [mutagenic meat]
  4995 | D:7      | Killed a yak
  5132 | D:7      | Found a staircase to the Ecumenical Temple.
  5378 | D:8      | Noticed Joseph
  5437 | D:8      | Killed Joseph
  6075 | D:8      | Reached XP level 10. HP: 51/51 MP: 19/19
  6353 | D:9      | Reached skill level 7 in Short Blades
  6377 | D:9      | Reached skill level 1 in Spellcasting
  6555 | D:9      | Acquired Lugonu's fifth power
  6561 | D:9      | Gained mutation: Your spells are a little harder to cast, but a little more powerful. [mutagenic meat]
  6661 | D:9      | Found a staircase to the Lair.
  7142 | D:9      | Noticed a three-headed hydra
  7165 | D:9      | Killed a three-headed hydra
  7165 | D:9      | Reached skill level 5 in Evocations
  7271 | D:10     | Entered Level 10 of the Dungeon
  7918 | D:10     | Reached XP level 11. HP: 57/57 MP: 21/21
  8054 | D:11     | Reached skill level 5 in Armour
  8122 | D:11     | Noticed a vault guard
  8148 | D:11     | Killed a vault guard
  8148 | D:11     | Reached skill level 8 in Short Blades
  8183 | D:11     | Found a portal to a secret trove of treasure.
  8196 | D:11     | Noticed a hill giant
  8205 | D:11     | Killed a hill giant
  8205 | D:11     | Reached skill level 5 in Shields
  8316 | D:11     | Noticed a hill giant
  8347 | D:11     | Killed a hill giant
  8354 | D:11     | Gained mutation: Your magical capacity is low (-10% MP). [mutagenic meat]
  8375 | D:11     | Noticed Erica
  8375 | D:11     | Noticed Nergalle
  8388 | D:11     | Noticed a spectral orc warlord
  8527 | Lair:1   | Entered Level 1 of the Lair of Beasts
  8590 | Lair:1   | Reached skill level 5 in Dodging
  9762 | Lair:3   | Gained mutation: You regenerate. [vine stalker growth]
  9762 | Lair:3   | Reached XP level 12. HP: 58/62 MP: 21/21
  9845 | Lair:3   | Noticed Rupert
  9906 | Lair:3   | Killed Rupert
  9906 | Lair:3   | Reached skill level 9 in Short Blades
 10039 | Lair:3   | Found a staircase to the Snake Pit.
 10421 | Lair:3   | Noticed a five-headed hydra
 10436 | Lair:3   | Killed a five-headed hydra
 11044 | Lair:4   | Noticed Maud
 11054 | Lair:4   | Killed Maud
 11054 | Lair:4   | Reached skill level 5 in Spellcasting
 11417 | Lair:4   | Reached XP level 13. HP: 63/67 MP: 22/24
 11840 | Lair:5   | Found a staircase to the Swamp.
 11864 | Lair:5   | Reached skill level 10 in Short Blades
 12175 | Lair:5   | Identified a scroll of acquirement
 12178 | Lair:5   | Got a pitted double sword
 12179 | Lair:5   | Identified the +9 double sword "Faorool" {freeze, rC+++ MR- Dex-4} (You acquired it on level 5 of the Lair of Beasts)
 12858 | Lair:6   | HP: 4/102 [eight-headed hydra (9)]
 12862 | Lair:6   | Slain by a ten-headed hydra

Action                   |  1- 3 |  4- 6 |  7- 9 | 10-12 | 13-15 || total
-------------------------+-------+-------+-------+-------+-------++-------
Melee: Short sword       |    30 |       |       |       |       ||    30
       Dagger            |    54 |   146 |   253 |   839 |   109 ||  1401
       Double sword      |       |       |       |       |    61 ||    61
Invok: Depart the Abyss  |     1 |       |       |       |       ||     1
       Banish            |       |       |       |       |     2 ||     2
  Use: Scroll            |     5 |    11 |     2 |    10 |     2 ||    30
       Potion            |       |       |       |     4 |     2 ||     6
 Stab: Sleeping          |     1 |     2 |    14 |    32 |    11 ||    60
       Invisible         |       |       |       |     1 |     1 ||     2
       Distracted        |       |       |       |     1 |       ||     1
  Eat: Chunk             |       |     6 |    10 |    22 |     6 ||    44
       Beef jerky        |       |     1 |       |     1 |       ||     2
